| TOP OF THE 1ST |
|
Seattle Mariners batting - Pitching for Chicago White Sox : RHP Ray Corbin
|
|
Pitching: RHP Ray Corbin
|
|
|
Batting: SHB Miguel Dilone
|
0-0: Called Strike 0-1: Ball 1-1: Ball 2-1: Ball 3-1: Called Strike 3-2: Base on Balls
|
|
Batting: LHB Jose Perales
|
0-0: Ball Wild Pitch! Miguel Dilone to second 1-0: Swinging Strike 1-1: Swinging Strike 1-2: Ball 2-2: Ball 3-2: SINGLE (Line Drive, 78S, EV 106.9 MPH) Miguel Dilone to third Runner from 3rd tries for Home, throw by CF and OUT! 8-2
|
|
Batting: RHB Robin Yount
|
0-0: Ball 1-0: Foul Ball, location: 2F 1-1: Fly out, F9 (Flyball, 9S, EV 82.5 MPH)
|
|
Batting: LHB Don Mattingly
|
0-0: Ball 1-0: Ball 2-0: SINGLE (Groundball, 6S, EV 68.8 MPH) (infield hit) Jose Perales to second
|
|
Batting: LHB Chris Wynn
|
0-0: Called Strike 0-1: Fly out, F8 (Flyball, 8LD, EV 90.0 MPH)
|
| Top of the 1st over - 0 runs, 2 hits, 0 errors, 2 left on base; Seattle 0 - Chicago 0 |
| BOTTOM OF THE 1ST |
|
Chicago White Sox batting - Pitching for Seattle Mariners : RHP Bob Moose
|
|
Pitching: RHP Bob Moose
|
|
|
Batting: SHB Ozzie Smith
|
0-0: Ball 1-0: Ball 2-0: DOUBLE (Line Drive, 78D, EV 106.3 MPH)
|
|
Batting: RHB Jim Wynn
|
0-0: Ball 1-0: Called Strike 1-1: Called Strike 1-2: Strikes out swinging
|
|
Batting: RHB Kevin McReynolds
|
0-0: Ball 1-0: Fly out, F9 (Flyball, 9LD, EV 102.5 MPH) Runner from 2nd tags up, SAFE at 3rd, no throw by RF
|
|
Batting: RHB Tim Teufel
|
0-0: Foul Ball, location: 2F 0-1: SINGLE (Line Drive, 5D, EV 98.8 MPH) Ozzie Smith scores
|
|
Batting: RHB Steve Henderson
|
0-0: Called Strike 0-1: Ball 1-1: Foul Ball, location: 2F 1-2: DOUBLE (Line Drive, 7LM, EV 108.1 MPH) Tim Teufel to third Runner from 3rd tries for Home, SAFE, throw by LF to trailing runner, SAFE at third!
|
|
Batting: RHB Mike Heath
|
0-0: Called Strike 0-1: Foul Ball, location: 2F 0-2: Strikes out swinging
|
| Bottom of the 1st over - 2 runs, 3 hits, 0 errors, 1 left on base; Seattle 0 - Chicago 2 |
| TOP OF THE 2ND |
|
Seattle Mariners batting - Pitching for Chicago White Sox : RHP Ray Corbin
|
|
Batting: RHB John Rabb
|
0-0: Called Strike 0-1: SINGLE (Groundball, 6MD, EV 97.5 MPH)
|
|
Batting: LHB Mike Stenhouse
|
0-0: Foul Ball, location: 2F 0-1: Ball 1-1: SINGLE (Groundball, 34D, EV 102.5 MPH) John Rabb to second Runner from 2nd tries for 3rd, SAFE, no throw by RF
|
|
Batting: RHB Tony Conigliaro
|
0-0: Ball Mike Stenhouse steals 2nd base 1-0: Swinging Strike 1-1: Ball 2-1: Foul Ball, location: 2F 2-2: Ball 3-2: Ground out 3-1 (Groundball, 34S, EV 87.5 MPH) John Rabb scores Mike Stenhouse to third
|
|
Batting: RHB Kurt Cunningham
|
0-0: Ball 1-0: Foul Ball, location: 2F 1-1: Foul Ball, location: 2F 1-2: Ground out 6-3 (Groundball, 6, EV 88.8 MPH) Mike Stenhouse scores
|
|
Batting: SHB Miguel Dilone
|
0-0: Ball 1-0: Ball 2-0: Ball 3-0: Called Strike 3-1: Foul Ball, location: 2F 3-2: Fly out, F9 (Flyball, 9LM, EV 108.1 MPH)
|
| Top of the 2nd over - 2 runs, 2 hits, 0 errors, 0 left on base; Seattle 2 - Chicago 2 |
| BOTTOM OF THE 2ND |
|
Chicago White Sox batting - Pitching for Seattle Mariners : RHP Bob Moose
|
|
Batting: SHB Dwayne Taggart
|
0-0: SINGLE (Groundball, 34S, EV 65.6 MPH) (infield hit)
|
|
Batting: LHB Ryan MacFarland
|
0-0: Called Strike 0-1: Swinging Strike 0-2: Ball 1-2: Strikes out looking
|
|
Batting: LHB Steve Christmas
|
0-0: Ball 1-0: Called Strike 1-1: Foul Ball, location: 2F Pickoff Throw to First - Out! 1-3 1-2: Fly out, F6 (Popup, 6S, EV 72.5 MPH)
|
| Bottom of the 2nd over - 0 runs, 1 hit, 0 errors, 0 left on base; Seattle 2 - Chicago 2 |
| TOP OF THE 3RD |
|
Seattle Mariners batting - Pitching for Chicago White Sox : RHP Ray Corbin
|
|
Batting: LHB Jose Perales
|
0-0: Called Strike 0-1: Foul Ball, location: 2F 0-2: Ball 1-2: Ball 2-2: Ball 3-2: DOUBLE (Line Drive, 78M, EV 107.5 MPH)
|
|
Batting: RHB Robin Yount
|
0-0: SINGLE (Line Drive, 78S, EV 102.5 MPH) Jose Perales to third Runner from 3rd tries for Home, SAFE, throw by LF to home
|
|
Batting: LHB Don Mattingly
|
0-0: Ball 1-0: Called Strike 1-1: Called Strike 1-2: Foul Ball, location: 2F 1-2: Fielders Choice at 2nd, 3-6 (Groundball, 3, EV 82.5 MPH)
|
|
Batting: LHB Chris Wynn
|
0-0: Ball 1-0: SINGLE (Line Drive, 89S, EV 101.9 MPH) Don Mattingly to second Runner from 2nd tries for 3rd, SAFE, no throw by RF
|
|
Batting: RHB John Rabb
|
0-0: Ball 1-0: Foul Ball, location: 2F 1-1: Ball 2-1: Ground out 4-3 (Groundball, 4M, EV 104.4 MPH) Don Mattingly scores Chris Wynn to second
|
|
Batting: LHB Mike Stenhouse
|
0-0: Called Strike 0-1: Ball 1-1: Ground out 4-3 (Groundball, 4MS, EV 83.8 MPH)
|
| Top of the 3rd over - 2 runs, 3 hits, 0 errors, 1 left on base; Seattle 4 - Chicago 2 |
| BOTTOM OF THE 3RD |
|
Chicago White Sox batting - Pitching for Seattle Mariners : RHP Bob Moose
|
|
Batting: SHB Ozzie Smith
|
0-0: Ball 1-0: Called Strike 1-1: Called Strike 1-2: Ground out U3 (Groundball, 3, EV 87.5 MPH)
|
|
Batting: RHB Jim Wynn
|
0-0: Swinging Strike 0-1: Ball 1-1: Foul Ball, location: 2F 1-2: Ball 2-2: Strikes out swinging
|
|
Batting: RHB Kevin McReynolds
|
0-0: SINGLE (Line Drive, 8LS, EV 105.6 MPH)
|
|
Batting: RHB Tim Teufel
|
0-0: Called Strike Kevin McReynolds steals 2nd base 0-1: Ball 1-1: Foul Ball, location: 2F 1-2: Fly out, F8 (Flyball, 78D, EV 92.5 MPH)
|
| Bottom of the 3rd over - 0 runs, 1 hit, 0 errors, 1 left on base; Seattle 4 - Chicago 2 |
| TOP OF THE 4TH |
|
Seattle Mariners batting - Pitching for Chicago White Sox : RHP Ray Corbin
|
|
Batting: RHB Tony Conigliaro
|
0-0: Ball 1-0: Swinging Strike 1-1: Ball 2-1: Fly out, F7 (Flyball, 78S, EV 91.3 MPH)
|
|
Batting: RHB Kurt Cunningham
|
0-0: Called Strike 0-1: Ball 1-1: Called Strike 1-2: Ball 2-2: Foul Ball, location: 2F 2-2: Fly out, F6 (Popup, 15, EV 71.3 MPH)
|
|
Batting: SHB Miguel Dilone
|
0-0: Ball 1-0: Called Strike 1-1: Fly out, F9 (Flyball, 9D, EV 91.9 MPH)
|
| Top of the 4th over - 0 runs, 0 hits, 0 errors, 0 left on base; Seattle 4 - Chicago 2 |
| BOTTOM OF THE 4TH |
|
Chicago White Sox batting - Pitching for Seattle Mariners : RHP Bob Moose
|
|
Batting: RHB Steve Henderson
|
0-0: Called Strike 0-1: Swinging Strike 0-2: Ball 1-2: Strikes out swinging
|
|
Batting: RHB Mike Heath
|
0-0: Foul Ball, location: 2F 0-1: Ball 1-1: SINGLE (Groundball, 3D, EV 97.5 MPH)
|
|
Batting: SHB Dwayne Taggart
|
0-0: Called Strike 0-1: Ball Mike Heath is caught stealing 2nd base 2-6 1-1: Swinging Strike 1-2: Foul Ball, location: 2F 1-2: Foul Ball, location: 2F 1-2: Ball 2-2: Hit by Pitch
|
|
Batting: LHB Ryan MacFarland
|
0-0: Called Strike Dwayne Taggart steals 2nd base 0-1: Foul Ball, location: 2F 0-2: Ball 1-2: Ball 2-2: Ground out U3 (Groundball, 3, EV 80.6 MPH)
|
| Bottom of the 4th over - 0 runs, 1 hit, 0 errors, 1 left on base; Seattle 4 - Chicago 2 |
| TOP OF THE 5TH |
|
Seattle Mariners batting - Pitching for Chicago White Sox : RHP Ray Corbin
|
|
Batting: LHB Jose Perales
|
0-0: Foul Ball, location: 2F 0-1: Ball 1-1: Ball 2-1: Ball 3-1: Foul Ball, location: 2F 3-2: Fly out, F9 (Flyball, 89S, EV 91.3 MPH)
|
|
Batting: RHB Robin Yount
|
0-0: Fly out, F9 (Flyball, 9S, EV 93.8 MPH)
|
|
Batting: LHB Don Mattingly
|
0-0: Called Strike 0-1: Called Strike 0-2: Ball 1-2: Ground out 4-3 (Groundball, 4, EV 90.0 MPH)
|
| Top of the 5th over - 0 runs, 0 hits, 0 errors, 0 left on base; Seattle 4 - Chicago 2 |
| BOTTOM OF THE 5TH |
|
Chicago White Sox batting - Pitching for Seattle Mariners : RHP Bob Moose
|
|
Batting: LHB Steve Christmas
|
0-0: Foul Ball, location: 2F 0-1: Ground out 6-3 (Groundball, 56, EV 83.8 MPH)
|
|
Batting: SHB Ozzie Smith
|
0-0: Ground out U3 (Groundball, 3L, EV 106.9 MPH)
|
|
Batting: RHB Jim Wynn
|
0-0: Ball 1-0: Called Strike 1-1: Hit by Pitch
|
|
Batting: RHB Kevin McReynolds
|
0-0: Ball 1-0: Ball Jim Wynn is caught stealing 2nd base 2-4
|
| Bottom of the 5th over - 0 runs, 0 hits, 0 errors, 0 left on base; Seattle 4 - Chicago 2 |
| TOP OF THE 6TH |
|
Seattle Mariners batting - Pitching for Chicago White Sox : RHP Ray Corbin
|
|
Batting: LHB Chris Wynn
|
0-0: Ball 1-0: Foul Ball, location: 2F 1-1: SINGLE (Groundball, 34D, EV 102.5 MPH)
|
|
Batting: RHB John Rabb
|
0-0: Ball 1-0: Ball 2-0: Called Strike 2-1: Ball 3-1: Called Strike 3-2: Foul Ball, location: 2F 3-2: Fielders Choice at 2nd, 3-6 (Groundball, 3S, EV 87.5 MPH)
|
|
Batting: LHB Mike Stenhouse
|
0-0: Ball 1-0: Foul Ball, location: 2F 1-1: Ball 2-1: Ball 3-1: Fielders Choice at 2nd, 4-6 (Groundball, 4D, EV 106.3 MPH)
|
|
Batting: RHB Tony Conigliaro
|
0-0: Called Strike 0-1: Fly out, F8 (Flyball, 8RXD, EV 85.0 MPH)
|
| Top of the 6th over - 0 runs, 1 hit, 0 errors, 1 left on base; Seattle 4 - Chicago 2 |
| BOTTOM OF THE 6TH |
|
Chicago White Sox batting - Pitching for Seattle Mariners : RHP Bob Moose
|
|
Batting: RHB Kevin McReynolds
|
0-0: Ball 1-0: SINGLE (Groundball, 34D, EV 105.0 MPH)
|
|
Batting: RHB Tim Teufel
|
0-0: Foul Ball, location: 2F 0-1: Foul Ball, location: 2F 0-2: Ball 1-2: Ball 2-2: Strikes out swinging
|
|
Batting: RHB Steve Henderson
|
0-0: Ball 1-0: Called Strike 1-1: Ball 2-1: Ball 3-1: Swinging Strike 3-2: Fly out, F4 (Flyball, 34D, EV 82.5 MPH)
|
|
Batting: RHB Mike Heath
|
0-0: Ball 1-0: Called Strike 1-1: Ball 2-1: Fly out, F9 (Flyball, 9LS, EV 90.6 MPH)
|
| Bottom of the 6th over - 0 runs, 1 hit, 0 errors, 1 left on base; Seattle 4 - Chicago 2 |
| TOP OF THE 7TH |
|
Seattle Mariners batting - Pitching for Chicago White Sox : RHP Ray Corbin
|
|
Batting: RHB Kurt Cunningham
|
0-0: Called Strike 0-1: Ball 1-1: Foul Ball, location: 2F 1-2: SINGLE (Groundball, 6MD, EV 105.0 MPH)
|
|
Batting: SHB Miguel Dilone
|
0-0: Ball 1-0: Ball 2-0: Sac Bunt to 23 - play at first, batter OUT! 3-4 Kurt Cunningham to second
|
|
Batting: LHB Jose Perales
|
0-0: Ball 1-0: Ball 2-0: Foul Ball, location: 2F 2-1: Foul Ball, location: 2F 2-2: Ball 3-2: Strikes out swinging
|
|
Batting: RHB Robin Yount
|
0-0: Fly out, F7 (Flyball, 7S, EV 86.3 MPH)
|
| Top of the 7th over - 0 runs, 1 hit, 0 errors, 1 left on base; Seattle 4 - Chicago 2 |
| BOTTOM OF THE 7TH |
|
Chicago White Sox batting - Pitching for Seattle Mariners : RHP Bob Moose
|
|
Batting: SHB Dwayne Taggart
|
0-0: Ball 1-0: Called Strike 1-1: Ground out 4-3 (Groundball, 34, EV 97.5 MPH)
|
|
Batting: LHB Ryan MacFarland
|
0-0: Ground out 6-3 (Groundball, 6, EV 87.5 MPH)
|
|
Batting: LHB Steve Christmas
|
0-0: Foul Ball, location: 2F 0-1: Swinging Strike 0-2: SINGLE (Line Drive, 89S, EV 103.1 MPH)
|
|
Batting: SHB Ozzie Smith
|
0-0: Called Strike 0-1: Foul Ball, location: 2F 0-2: Ground out 4-3 (Groundball, 34, EV 102.5 MPH)
|
| Bottom of the 7th over - 0 runs, 1 hit, 0 errors, 1 left on base; Seattle 4 - Chicago 2 |
| TOP OF THE 8TH |
|
Seattle Mariners batting - Pitching for Chicago White Sox : RHP Ray Corbin
|
|
Batting: LHB Don Mattingly
|
0-0: Ball 1-0: Fly out, F8 (Flyball, 8LM, EV 86.3 MPH)
|
|
Batting: LHB Chris Wynn
|
0-0: Ball 1-0: Called Strike 1-1: Foul Ball, location: 2F 1-2: SINGLE (Groundball, 56D, EV 107.5 MPH)
|
|
Pitching: RHP Dickie Noles
|
|
|
Batting: RHB John Rabb
|
0-0: Ball 1-0: Ball 2-0: Ball 3-0: Called Strike 3-1: Base on Balls Chris Wynn to second
|
|
Batting: LHB Mike Stenhouse
|
0-0: Called Strike 0-1: Ball 1-1: Ball 2-1: Foul Ball, location: 2F 2-2: Ball 3-2: Fly out, F6 (Popup, 6MS, EV 63.8 MPH)
|
|
Batting: RHB Tony Conigliaro
|
0-0: Ball 1-0: Ball 2-0: Called Strike 2-1: Swinging Strike 2-2: 3-RUN HOME RUN (Flyball, 9D, EV 89.4 MPH), Distance : 366 ft
|
|
Batting: RHB Kurt Cunningham
|
0-0: Ball 1-0: Ball 2-0: Called Strike 2-1: Ball 3-1: SINGLE (Groundball, 4M, EV 108.1 MPH) (infield hit)
|
|
Batting: SHB Miguel Dilone
|
0-0: Ball 1-0: Foul Ball, location: 2F 1-1: Fly out, F8 (Flyball, 89XD, EV 102.5 MPH)
|
| Top of the 8th over - 3 runs, 3 hits, 0 errors, 1 left on base; Seattle 7 - Chicago 2 |
| BOTTOM OF THE 8TH |
|
Chicago White Sox batting - Pitching for Seattle Mariners : RHP Bob Moose
|
|
Batting: RHB Jim Wynn
|
0-0: Fly out, F6 (Popup, 6MD, EV 66.3 MPH)
|
|
Batting: RHB Kevin McReynolds
|
0-0: Called Strike 0-1: Ball 1-1: SINGLE (Groundball, 3D, EV 98.1 MPH)
|
|
Batting: RHB Tim Teufel
|
0-0: Called Strike 0-1: DOUBLE (Groundball, 5L, EV 106.9 MPH) Kevin McReynolds to third Runner from 3rd tries for Home, SAFE, throw by LF to home
|
|
Batting: RHB Steve Henderson
|
0-0: Ground out U3 (Groundball, 34, EV 83.1 MPH) Tim Teufel to third
|
|
Batting: RHB Mike Heath
|
0-0: Ball 1-0: Called Strike 1-1: Ball 2-1: Ball 3-1: Called Strike 3-2: Ground out 6-3 (Groundball, 6, EV 88.8 MPH)
|
| Bottom of the 8th over - 1 run, 2 hits, 0 errors, 1 left on base; Seattle 7 - Chicago 3 |
| TOP OF THE 9TH |
|
Seattle Mariners batting - Pitching for Chicago White Sox : RHP Dickie Noles
|
|
Batting: LHB Jose Perales
|
0-0: Ground out 3-1 (Groundball, 34D, EV 90.6 MPH)
|
|
Batting: RHB Robin Yount
|
0-0: Ball 1-0: Ball 2-0: Called Strike 2-1: SINGLE (Line Drive, 7S, EV 108.1 MPH)
|
|
Pitching: RHP Dave Stewart
|
|
|
Batting: LHB Don Mattingly
|
0-0: Called Strike 0-1: Fielders Choice at 2nd, 6-4 (Groundball, 56, EV 85.0 MPH)
|
|
Batting: LHB Chris Wynn
|
0-0: Ball 1-0: Ball 2-0: Ball 3-0: Called Strike 3-1: Fly out, F3 (Line Drive, 3, EV 69.4 MPH)
|
| Top of the 9th over - 0 runs, 1 hit, 0 errors, 1 left on base; Seattle 7 - Chicago 3 |
| BOTTOM OF THE 9TH |
|
Chicago White Sox batting - Pitching for Seattle Mariners : RHP Bob Moose
|
|
Batting: SHB Dwayne Taggart
|
0-0: Foul Ball, location: 2F 0-1: SINGLE (Groundball, 6D, EV 96.9 MPH)
|
|
Pitching: RHP Nick Bowditch
|
|
|
Batting: LHB Ryan MacFarland
|
0-0: Ball 1-0: Called Strike 1-1: Ball 2-1: Fly out, F8 (Flyball, 8LD, EV 81.3 MPH)
|
|
Batting: LHB Steve Christmas
|
0-0: Ball 1-0: Ball 2-0: Ball 3-0: Called Strike 3-1: Fly out, F9 (Flyball, 9LS, EV 91.9 MPH)
|
|
Batting: SHB Ozzie Smith
|
0-0: Foul Ball, location: 2F 0-1: Ball 1-1: Fly out, F7 (Flyball, 78M, EV 90.6 MPH)
|
| Bottom of the 9th over - 0 runs, 1 hit, 0 errors, 1 left on base; Seattle 7 - Chicago 3 |
|